Map: Oceanborn LE

Players

Subwayeatn

  • Race: Zerg Zerg
  • League: Gold
  • Spawn Location: 5:00

YFZO - Winner!

  • Race: Protoss Protoss
  • League: Platinum
  • Spawn Location: 11:00

VOD

Have the link to the VOD?

Description

Time

  • Played on: Oct. 16, 2023, 10:14 p.m.
  • Length: 10:22
Show
View Real Time Build Order
Export as new Build Order

Subwayeatn Zerg 

Build Orders: Hatch First 

Get SALT Encoding   

  12  0:00  Drone  
  13  0:12  Overlord  
  13  0:20  Drone  
  14  0:30  Drone  
  14  0:31  Drone  
  16  0:50  Hatchery  
  15  0:59  Drone  
  15  1:00  Drone  
  15  1:02  Drone  
  18  1:04  Extractor  
  17  1:15  Spawning Pool  
  16  1:28  Drone x2  
  18  1:46  Drone x2  
  20  1:55  Overlord  
  20  2:06  Queen  
  20  2:08  Queen  
  24  2:20  Metabolic Boost  
  24  2:23  Zergling x2  
  24  2:24  Zergling x2  
  26  2:31  Zergling x2  
  26  2:32  Zergling x2  
  28  2:38  Drone x2  
  28  2:40  Drone  
  28  2:42  Drone  
  32  2:48  Overlord  
  32  2:54  Drone  
  33  3:01  Lair  
  33  3:07  Queen  
  35  3:21  Drone x2  
  35  3:22  Drone x2, Baneling Nest  
  35  3:25  Overlord  
  38  3:34  Extractor  
  38  3:40  Zergling x10  
  42  4:00  Drone x6  
  42  4:01  Drone x2  
  50  4:09  Baneling x7  
  50  4:12  Zergling x4  
  52  4:38  Hatchery  
  41  5:03  Zergling x22  
  51  5:15  Extractor  
  51  5:18  Baneling  
  51  5:20  Centrifugal Hooks  
  50  5:25  Spire  
  50  5:27  Extractor, Drone  
  50  5:28  Drone x2  
  51  5:32  Baneling  
  51  5:33  Baneling x5  
  51  5:35  Overlord  
  51  5:36  Overlord  
  51  5:37  Overlord  
  47  6:15  Zergling x2  
  47  6:16  Zergling x24  
  53  6:26  Overseer  
  53  6:33  Spore Crawler  
  53  6:35  Queen  
  53  6:38  Drone x6  
  57  6:59  Mutalisk  
  57  7:00  Mutalisk x5  
  60  7:10  Queen  
  60  7:12  Drone x3  
  60  7:13  Drone x2  
  66  7:19  Drone  
  66  7:20  Drone x2  
  69  7:34  Drone x3  
  69  7:35  Drone, Hatchery  
  69  7:36  Drone x3  
  75  7:54  Zergling x10  
  75  7:55  Zergling x4  
  82  8:11  Zergling x2  
  82  8:12  Zergling x2  
  80  8:27  Overlord  
  80  8:50  Drone x2  
  80  8:52  Drone  
  80  8:53  Extractor x2, Drone  
  82  9:12  Zergling x10  
  82  9:13  Zergling x2  
  82  9:15  Overlord x6  
  88  9:21  Spine Crawler  
  88  9:23  Spine Crawler  
  86  9:24  Zergling x2  
  86  9:25  Zergling x2  
  86  9:26  Spine Crawler x2  
  86  9:27  Spine Crawler x2  
  86  9:28  Spine Crawler  
  86  9:29  Zergling x10  
  86  9:30  Zergling x2, Spine Crawler  
  88  9:31  Spine Crawler  
  88  9:33  Spine Crawler x2  
  88  9:36  Spine Crawler  
  79  9:48  Zergling x2  
  79  9:49  Zergling x18  
Show
View Real Time Build Order
Export as new Build Order

YFZO Protoss - Winner!

Build Orders: 1 Gate Expand 

Get SALT Encoding   

  12  0:00  Probe  
  13  0:13  Probe  
  14  0:26  Pylon  
  14  0:28  Probe  
  15  0:44  Probe  
  15  0:47  Gateway  
  16  0:58  Gateway  
  16  1:23  Nexus  
  16  1:26  Probe  
  16  1:32  Assimilator  
  17  1:46  Cybernetics Core  
  17  1:49  Zealot  
  19  1:54  Zealot  
  22  2:01  Probe (Chrono Boost)  
  22  2:12  Probe (Chrono Boost)  
  22  2:15  Assimilator  
  22  2:30  Pylon  
  22  2:35  Zealot  
  22  2:36  Probe  
  25  2:37  Probe  
  27  2:52  Probe x2 (Chrono Boost)  
  27  2:53  Twilight Council  
  27  2:57  Warp Gate (Chrono Boost)  
  28  3:03  Probe (Chrono Boost)  
  28  3:04  Probe (Chrono Boost)  
  30  3:10  Stalker  
  32  3:13  Probe  
  32  3:15  Probe  
  34  3:25  Probe  
  35  3:27  Probe, Charge (Chrono Boost)  
  36  3:37  Probe  
  36  3:39  Probe  
  38  3:46  Robotics Facility  
  38  3:49  Probe  
  38  3:51  Probe  
  40  3:57  Gateway  
  40  4:01  Probe  
  40  4:02  Gateway  
  41  4:04  Probe  
  42  4:13  Probe  
  43  4:21  Probe  
  44  4:25  Assimilator, Probe  
  44  4:26  Assimilator  
  45  4:33  Probe  
  45  4:36  Pylon  
  46  4:42  Probe  
  46  4:43  Pylon  
  46  4:44  Zealot  
  46  4:45  Zealot  
  45  4:52  Zealot  
  37  4:58  Probe x2  
  35  5:04  Zealot  
  37  5:10  Probe  
  37  5:12  Observer, Gateway  
  37  5:13  Gateway  
  39  5:24  Probe x2 (Chrono Boost)  
  41  5:30  Sentry x2  
  41  5:33  Immortal, Probe (Chrono Boost)  
  50  5:41  Probe x2  
  52  5:53  Probe x2  
  54  5:57  Gateway  
  54  6:00  Gateway  
  54  6:01  Zealot  
  54  6:02  Zealot x2  
  54  6:04  Gateway  
  48  6:14  Zealot x2  
  44  6:29  Warp Prism  
  46  6:33  Probe (Chrono Boost)  
  46  6:34  Probe (Chrono Boost)  
  48  6:43  Probe (Chrono Boost)  
  48  6:44  Probe (Chrono Boost)  
  50  6:48  Probe (Chrono Boost)  
  50  6:54  Zealot x2  
  53  6:55  Zealot  
  49  7:03  Probe x2  
  49  7:06  Zealot  
  49  7:07  Zealot  
  55  7:15  Probe  
  56  7:21  Sentry x3  
  62  7:33  Pylon  
  62  7:35  Pylon  
  66  7:51  Zealot x2, Immortal  
  66  7:55  Zealot x4  
  56  8:27  Pylon  
  56  8:28  Pylon  
  56  8:30  Stalker x6  
  56  8:31  Stalker  
  70  8:37  Stalker  
  70  8:38  Stalker  
  74  8:45  Warp Prism (Chrono Boost)  
  76  9:00  Stalker  
  76  9:01  Zealot x2  
  82  9:15  Zealot x2  
  82  9:16  Zealot x2  
  90  9:57  Zealot x3  
  89  10:13  Stalker x2  
  89  10:14  Stalker x4  
Tags
 
Add a new tag
Caveats
  • Supply blocks, unpowered buildings, or Contaminate may cause inaccurate times.
  • Supply counts are checked every 10 seconds.